 Dungeon Sprint DCSS version 0.24-a0-447-ge8da9206dc (webtiles) character file.

Game seed: 991119404758821400

105540 Canard the Conqueror (level 15, -53/174 HPs)
             Began as a Minotaur Monk on June 25, 2019.
             Was the Champion of Makhleb.
             Killed from afar by Jory (65 damage)
             ... with a crystal spear
             ... in the Dungeon (Sprint VII: "The Pits").
             The game lasted 00:42:39 (6719 turns).

Canard the Conqueror (Minotaur Monk)                Turns: 6719, Time: 00:42:40

Health: -53/174    AC: 42    Str: 21    XL:     15   Next: 58%
Magic:  30/30      EV: 20    Int:  7    God:    Makhleb [******]
Gold:   154        SH:  0    Dex: 14    Spells: 14/14 levels left

rFire    + . .     SeeInvis .   R - +3 lajatang
rCold    + . .     Gourm    .   (shield currently unavailable)
rNeg     . . .     Faith    .   T - +8 gold dragon scales
rPois    +         Spirit   .   U - +0 hat {MR+}
rElec    .         Reflect  .   k - +1 cloak
rCorr    .         Harm     .   V - +1 pair of gloves
MR       +++..     NoTele   +   W - +2 pair of boots
Stlth    ..........             C - amulet of regeneration
HPRegen  0.79/turn              p - ring of Phasing {EV+8}
MPRegen  0.22/turn              I - ring of protection from magic

@: very slightly contaminated, hasted, very quick
A: retaliatory headbutt, horns 2, no potion heal 1
}: 1/3 runes: silver
a: Minor Destruction, Lesser Servant of Makhleb, Major Destruction, Greater
Servant of Makhleb, Renounce Religion


You were in the Dungeon.
You worshipped Makhleb.
Makhleb was exalted by your worship.
You were not hungry.

You visited 1 branch You collected 154 gold pieces.

Inventory:

Hand Weapons
 E - the +2 scimitar "Xize" {freeze, *Corrode +Inv rN+ Dex+6}
   (You found it in the Dungeon)

   It has been specially enchanted to freeze those struck by it, causing extra
   injury to most foes and up to half again as much damage against particularly
   susceptible opponents.
   It can also slow down cold-blooded creatures.
   It affects your dexterity (+6).
   It protects you from negative energy.
   It lets you turn invisible.
   It may corrode you when you take damage.
 F - a +4 quarterstaff of speed
   (You found it in the Dungeon)
 R - a +3 lajatang (weapon)
   (You found it in the Dungeon)
 S - a +2 vampiric glaive
   (You took it off a vault guard in the Dungeon)
Missiles
 G - a throwing net (quivered)
Armour
 k - a +1 cloak (worn)
   (You found it in the Dungeon)
 T - +8 gold dragon scales (worn)
   (You found it in the Dungeon)
 U - a +0 hat of magic resistance (worn)
   (You found it in the Dungeon)
 V - a +1 pair of gloves (worn)
   (You found it in the Dungeon)
 W - a +2 pair of boots (worn)
   (You found it in the Dungeon)
Jewellery
 p - the ring of Phasing (left hand) {EV+8}
   (You took it off a hell knight in the Dungeon)

   [ring of evasion]

   It affects your evasion (+8).
 r - an uncursed ring of ice
   (You took it off a spriggan in the Dungeon)
 y - a +3 ring of protection
   (You found it in the Dungeon)
 A - a +6 ring of evasion
   (You found it in the Dungeon)
 B - a +6 ring of strength
   (You found it in the Dungeon)
 C - an amulet of regeneration (around neck)
   (You found it in the Dungeon)
 D - an uncursed ring of see invisible
   (You found it in the Dungeon)
 H - an uncursed ring of stealth
   (You found it in the Dungeon)
 I - a ring of protection from magic (right hand)
   (You found it in the Dungeon)
 J - an uncursed ring of wizardry
   (You found it in the Dungeon)
 K - an uncursed ring of protection from fire
   (You found it in the Dungeon)
 P - the ring of the Eight Lovers {+Fly Str+2}
   (You found it in the Dungeon)

   [ring of flight]

   It affects your strength (+2).
   It lets you fly.
Scrolls
 a - 2 scrolls of enchant weapon
 i - 2 scrolls of blinking
 m - 8 scrolls of remove curse
 n - 6 scrolls of amnesia
 L - 4 scrolls of identify
 M - 5 scrolls of fog
 O - 2 scrolls of enchant armour
Potions
 d - 13 potions of curing
 e - 11 potions of heal wounds
 f - 2 potions of haste
 g - 4 potions of magic
 h - 5 potions of berserk rage
 j - 2 potions of ambrosia
 l - 2 potions of invisibility
 q - 2 potions of flight
 t - 2 potions of cancellation
 u - 2 potions of might
 v - 3 potions of resistance
 x - 3 potions of agility
 z - 3 potions of mutation
 N - 4 potions of brilliance
 Z - 2 potions of lignification
Miscellaneous
 b - a fan of gales
   (You found it in the Dungeon)
 s - a lightning rod (4/4)
   (You found it in the Dungeon)
 Q - a box of beasts
 X - 2 sacks of spiders
 Y - a lamp of fire
   (You found it in the Dungeon)
Comestibles
 c - 15 rations
 w - 5 chunks of flesh


   Skills:
 O Level 27 Fighting
 - Level 3.6(11.3) Polearms
 - Level 15.9(16.1) Staves
 + Level 22.1 Armour
 - Level 14.0 Dodging
 - Level 8.0 Stealth
 + Level 24.1 Invocations
 - Level 8.0 Evocations


You had 14 spell levels left.
You didn't know any spells.
Your spell library contained the following spells:

 Spells                   Type           Power        Failure   Level  Hunger
 Animate Skeleton         Necr           N/A          100%        1    ##.....
 Apportation              Tloc           #.....       100%        1    ##.....
 Confusing Touch          Hex            #.....       100%        1    ##.....
 Flame Tongue             Conj/Fire      #....        100%        1    ##.....
 Freeze                   Ice            #...         100%        1    ##.....
 Magic Dart               Conj           #...         100%        1    ##.....
 Pain                     Necr           #...         100%        1    ##.....
 Sandblast                Erth           #.....       100%        1    ##.....
 Shock                    Conj/Air       #...         100%        1    ##.....
 Summon Butterflies       Summ           #.......     100%        1    ##.....
 Summon Small Mammal      Summ           #...         100%        1    ##.....
 Searing Ray              Conj           #.....       100%        2    ###....
 Sublimation of Blood     Necr           #.........   100%        2    ###....
 Swiftness                Chrm/Air       #.......     100%        2    ###....
 Throw Flame              Conj/Fire      #.....       100%        2    ###....
 Call Canine Familiar     Summ           #.......     100%        3    ####...
 Conjure Flame            Conj/Fire      #.......     100%        3    ####...
 Dazzling Spray           Conj/Hex       #.....       100%        3    ####...
 Ignite Poison            Fire/Tmut/Pois #.......     100%        3    ####...
 Inner Flame              Hex/Fire       #.......     100%        3    ####...
 Regeneration             Chrm/Necr      #.........   100%        3    ####...
 Static Discharge         Conj/Air       #.......     100%        3    ####...
 Vampiric Draining        Necr           #.........   100%        3    ####...
 Airstrike                Air            #.........   100%        4    #####..
 Animate Dead             Necr           N/A          100%        4    #####..
 Force Lance              Conj/Tloc      #.......     100%        4    #####..
 Fulminant Prism          Conj/Hex       #.........   100%        4    #####..
 Ice Form                 Ice/Tmut       #.......     100%        4    #####..
 Iskenderun's Mystic Bla  Conj           #.......     100%        4    #####..
 Petrify                  Tmut/Erth      #.......     100%        4    #####..
 Sticky Flame             Conj/Fire      #.......     100%        4    #####..
 Summon Ice Beast         Ice/Summ       #.......     100%        4    #####..
 Alistair's Intoxication  Tmut/Pois      #.......     100%        5    ######.
 Fireball                 Conj/Fire      #.........   100%        5    ######.
 Irradiate                Conj/Tmut      #.........   100%        5    ######.
 Lightning Bolt           Conj/Air       #.........   100%        5    ######.
 Metabolic Englaciation   Hex/Ice        #.........   100%        5    ######.
 Summon Mana Viper        Hex/Summ       #.......     100%        5    ######.
 Bolt of Cold             Conj/Ice       #.........   100%        6    #######
 Freezing Cloud           Conj/Ice/Air   #.........   100%        6    #######
 Ozocubu's Refrigeration  Ice            #.........   100%        6    #######
 Simulacrum               Ice/Necr       #.........   100%        6    #######
 Summon Hydra             Summ           #.........   100%        7    #######


Dungeon Overview and Level Annotations

Branches:
Dungeon (1/1)

Altars:
Ashenzari
Cheibriados
Dithmenos
Elyvilon
Fedhas
Gozag
Hepliaklqana
Kikubaaqudgha
Makhleb
Nemelex Xobeh
Okawaru
Qazlal
Ru
Sif Muna
Trog
Uskayaw
Vehumet
Wu Jian
Xom
Yredelemnul
Zin
The Shining One
Beogh
Jiyva
Lugonu

Annotations:
D Jory


Innate Abilities, Weirdness & Mutations

You reflexively headbutt those who attack you in melee.
You have a pair of horns on your head.
Potions are less effective at restoring your health.


Message History

The orb of electricity engulfs you!
* * * LOW HITPOINT WARNING * * *
The orb of electricity engulfs the eye of devastation!!!
You kill the eye of devastation!
Makhleb accepts your kill.
You feel better.
The orb of electricity engulfs the ice dragon!!!
The ice dragon is heavily wounded.
The ice dragon bites you.
* * * LOW HITPOINT WARNING * * *
The ice dragon claws you but does no damage.
The ice dragon tramples you but does no damage.
Huge Dmg: -5%(-8hp) hp: 7%(12hp) Exp: ~315(1%) Unknown command.
You hit Jory but do no damage.
Jory is almost destroyed.
Jory points at you and mumbles some strange words.
The crystal spear hits you!!!
You die...

...........##.#..+.##)C##########
...........##.+|.#.##..#))'...'))
++###########.#.)+.##AV#))#...#.)
++###########.'..#.##..####...###
.......##..##.##'#)##..#.........
#......##..##.÷....##..#.........
.......''..##########..#.........
.......''..##########..##'###'##.
#......##.......@V.....#))))#))#.
.......##........D.....#))))#))#.
''###############################
'(################ ############
..÷.##..)...##...### #..........#
...##...#..##......###....#####'#
..##...##..#........##.####.....#
..#...##...'.........###.........
..'..##....###.......##..........


You could see Jory and an ice dragon.

Vanquished Creatures
  Xtahua (D)
  A bone dragon (D)
  2 sphinxes (D)
  Kirke (D)
  A fire giant (D)
  2 frost giants (D)
  An iron dragon (D)
  Louise (D)
  2 ghouls (D)
  An angel (D)
  A spriggan defender (D)
  A green draconian (D)
  A deep elf annihilator (D)
  A purple draconian (D)
  A great orb of eyes (D)
  An ettin (D)
  A yaktaur captain (D)
  A deep elf high priest (D)
  10 vault guards (D)
  A catoblepas (D)
  An ice dragon (D)
  2 naga warriors (D)
  2 two-headed ogres (D)
  2 alligator snapping turtles (D)
  A centaur warrior (D)
  2 death knights (D)
  A death yak (D)
  A soul eater (D)
  A spriggan (D)
  A sun demon (D)
  10 hell knights (D)
  A deep elf knight (D)
  A sixfirhy (D)
  A spriggan druid (D)
  4 wizards (D)
  2 deep trolls (D)
  5 necromancers (D)
  3 harpies (D)
  A large abomination (D)
  4 orc knights (D)
  A mana viper (shapeshifter) (D)
  A cyclops (D)
  A manticore (D)
  A guardian serpent (D)
  2 rust devils (D)
  A molten gargoyle (D)
  A guardian serpent (shapeshifter) (D)
  2 eyes of devastation (D)
  A black mamba (D)
  A spiny frog (D)
  2 rime drakes (D)
  An efreet (D)
  A demonic crawler (D)
  A komodo dragon (D)
  3 ice devils (D)
  A troll (D)
  A wandering mushroom (D)
  A polar bear (D)
  2 hornets (D)
  2 wind drakes (D)
  3 merfolk (D)
  A bog body (D)
  A hippogriff (D)
  3 dream sheep (D)
  4 redbacks (D)
  Sigmund (D)
  2 water elementals (D)
  A wraith (D)
  13 humans (D)
  A ynoxinul (D)
  A fire bat (D)
  6 hogs (D)
  2 wyverns (D)
  A chaos spawn (D)
  A fire elemental (D)
  A basilisk (D)
  3 vampire mosquitoes (D)
  2 neqoxecs (D)
  A warg (D)
  A floating eye (D)
  An orc warrior (D)
  An ice beast (D)
  A phantom (D)
  4 ogres (D)
  A centaur (D)
  A wolf (D)
  A crocodile (D)
  3 earth elementals (D)
  A small abomination (D)
  10 killer bees (D)
  5 wights (D)
  2 crimson imps (D)
  A hound (D)
  5 orc priests (D)
  A gnoll shaman (D)
  An iguana (D)
  A worker ant (D)
  3 orc wizards (D)
  5 gnolls (D)
  2 river rats (D)
  2 white imps (D)
  An adder skeleton (D)
  A worm (D)
  An adder simulacrum (D)
  2 leopard geckos (D)
  4 orcs (D)
  A giant cockroach (D)
  A hobgoblin (D)
  4 jackals (D)
  2 quokkas (D)
  3 bat simulacra (D)
  A leopard gecko simulacrum (D)
227 creatures vanquished.

Vanquished Creatures (collateral kills)
  A profane servitor (D)
  A titan (D)
  A storm dragon (D)
  2 orc warlords (D)
  A ghoul (D)
  A spriggan defender (D)
  An ophan (D)
  2 green draconians (D)
  A vampire knight (D)
  A yellow draconian (D)
  A dire elephant (D)
  A purple draconian (D)
  A merfolk impaler (D)
  6 vault guards (D)
  A hydra (D)
  A naga warrior (D)
  An ogre mage (D)
  A dancing weapon (D)
  8 hell knights (D)
  A fire crab (D)
  A sea snake (D)
  A deep troll (D)
  3 wizards (D)
  7 orc knights (D)
  An ugly thing (D)
  5 necromancers (D)
  A deep elf mage (D)
  A rust devil (D)
  A spiny frog (D)
  A tormentor (D)
  A merfolk (D)
  A bog body (D)
  A large abomination (D)
  A human (D)
  A vampire mosquito (D)
  A neqoxec (D)
  A floating eye (D)
  A necrophage (D)
  2 ogres (D)
  An orc (D)
67 creatures vanquished.

Vanquished Creatures (others)
  A ball python (D)
1 creature vanquished.

Grand Total: 295 creatures vanquished

Notes
Turn   | Place    | Note
-------+----------+-------------------------------------------
     0 | D        | Canard the Minotaur Monk began the quest for the Orb.
     0 | D        | Reached XP level 1. HP: 19/19 MP: 0/0
    11 | D        | Reached skill level 4 in Fighting
    39 | D        | Found a glowing golden altar of the Shining One.
    39 | D        | Found a glowing silver altar of Zin.
    39 | D        | Found a basalt altar of Yredelemnul.
    39 | D        | Found a shimmering altar of Xom.
    39 | D        | Found an ornate altar of the Wu Jian Council.
    39 | D        | Found a bloodstained altar of Trog.
    39 | D        | Found a deep blue altar of Sif Muna.
    39 | D        | Found a sacrificial altar of Ru.
    39 | D        | Found a stormy altar of Qazlal.
    39 | D        | Found an iron altar of Okawaru.
    39 | D        | Found a sparkling altar of Nemelex Xobeh.
    39 | D        | Found a burning altar of Makhleb.
    39 | D        | Found a viscous altar of Jiyva.
    39 | D        | Found a hazy altar of Hepliaklqana.
    39 | D        | Found an opulent altar of Gozag.
    39 | D        | Found a blossoming altar of Fedhas.
    39 | D        | Found a white marble altar of Elyvilon.
    39 | D        | Found a shadowy altar of Dithmenos.
    39 | D        | Found a snail-covered altar of Cheibriados.
    40 | D        | Found a radiant altar of Vehumet.
    40 | D        | Found a corrupted altar of Lugonu.
    40 | D        | Found a roughly hewn altar of Beogh.
    41 | D        | Found an ancient bone altar of Kikubaaqudgha.
    41 | D        | Found a hide-covered altar of Uskayaw.
    41 | D        | Found a shattered altar of Ashenzari.
    47 | D        | Became a worshipper of Makhleb the Destroyer
    47 | D        | Reached * piety under Makhleb
    47 | D        | Reached ** piety under Makhleb
    61 | D        | Reached skill level 1 in Staves
    62 | D        | Reached skill level 5 in Fighting
   106 | D        | Reached XP level 2. HP: 28/29 MP: 1/1
   108 | D        | Reached *** piety under Makhleb
   121 | D        | Noticed a phantom
   180 | D        | Killed a phantom
   180 | D        | Reached XP level 3. HP: 15/36 MP: 2/2
   180 | D        | Reached XP level 4. HP: 17/42 MP: 3/3
   395 | D        | Reached **** piety under Makhleb
   465 | D        | Noticed a centaur
   478 | D        | Killed a centaur
   478 | D        | Reached skill level 6 in Fighting
   478 | D        | Reached skill level 5 in Dodging
   478 | D        | Reached XP level 5. HP: 49/51 MP: 4/4
   487 | D        | Reached ***** piety under Makhleb
   487 | D        | Reached skill level 7 in Fighting
   487 | D        | Reached skill level 10 in Staves
   497 | D        | Reached skill level 1 in Invocations
   518 | D        | Noticed a wolf
   518 | D        | Noticed a deep elf mage
   527 | D        | Killed a wolf
   527 | D        | Reached skill level 8 in Fighting
   527 | D        | Reached skill level 5 in Armour
   527 | D        | Reached XP level 6. HP: 41/61 MP: 5/7
   528 | D        | Killed a deep elf mage
   528 | D        | Reached skill level 9 in Fighting
   615 | D        | Reached XP level 7. HP: 70/70 MP: 9/9
   617 | D        | Noticed a spiny frog
   814 | D        | Killed a spiny frog
   814 | D        | Reached skill level 10 in Fighting
   862 | D        | Noticed Sigmund
   873 | D        | Reached ****** piety under Makhleb
   877 | D        | Killed Sigmund
   885 | D        | Noticed a molten gargoyle
   891 | D        | Reached XP level 8. HP: 53/80 MP: 11/11
   899 | D        | Killed a molten gargoyle
   899 | D        | Reached skill level 11 in Fighting
   964 | D        | Got the +2 scimitar "Xize" {freeze, *Corrode +Inv rN+
                  | Dex+6}
  1017 | D        | Noticed a spiny frog
  1044 | D        | Killed a spiny frog
  1058 | D        | Reached skill level 12 in Fighting
  1151 | D        | Noticed a large abomination
  1151 | D        | Noticed a komodo dragon
  1156 | D        | Reached skill level 10 in Armour
  1161 | D        | Reached XP level 9. HP: 91/91 MP: 14/14
  1177 | D        | Killed a komodo dragon
  1359 | D        | Noticed a rime drake
  1376 | D        | Reached skill level 13 in Fighting
  1408 | D        | Noticed an efreet
  1427 | D        | Killed an efreet
  1427 | D        | Reached skill level 10 in Invocations
  1458 | D        | Killed a rime drake
  1458 | D        | Reached skill level 14 in Fighting
  1694 | D        | Noticed a deep troll
  1698 | D        | Killed a deep troll
  1698 | D        | Reached XP level 10. HP: 96/104 MP: 17/17
  1706 | D        | Noticed a black mamba
  1710 | D        | Killed a black mamba
  1713 | D        | Noticed a sea snake
  1714 | D        | Noticed a merfolk impaler
  1714 | D        | Noticed a fire crab
  1720 | D        | Killed a sea snake
  1720 | D        | Reached skill level 15 in Fighting
  1722 | D        | Killed a fire crab
  1735 | D        | Killed a merfolk impaler
  2019 | D        | Noticed a rust devil
  2056 | D        | Reached skill level 16 in Fighting
  2068 | D        | Killed a rust devil
  2090 | D        | Reached XP level 11. HP: 116/116 MP: 19/19
  2117 | D        | Noticed a death yak
  2136 | D        | Killed a death yak
  2136 | D        | Reached skill level 17 in Fighting
  2170 | D        | Noticed Kirke
  2227 | D        | Killed Kirke
  2227 | D        | Reached skill level 18 in Fighting
  2445 | D        | Paralysed by a hornet for 3 turns
  2804 | D        | Reached skill level 15 in Invocations
  2859 | D        | Noticed a death knight
  2861 | D        | Noticed a deep troll
  2864 | D        | Noticed a bone dragon
  2865 | D        | Noticed an ice dragon
  2878 | D        | Killed a deep troll
  2891 | D        | Killed a bone dragon
  2891 | D        | Reached skill level 19 in Fighting
  2891 | D        | Reached skill level 15 in Armour
  2891 | D        | Reached skill level 5 in Stealth
  2899 | D        | Killed an ice dragon
  2899 | D        | Reached XP level 12. HP: 130/130 MP: 22/22
  2926 | D        | Killed a death knight
  3150 | D        | Got the ring of the Eight Lovers {+Fly Str+2}
  3265 | D        | Noticed an orc warlord
  3265 | D        | Noticed an orc warlord
  3299 | D        | Killed an orc warlord
  3300 | D        | Reached skill level 20 in Fighting
  3305 | D        | Killed an orc warlord
  3572 | D        | Noticed a vault guard
  3593 | D        | Killed a vault guard
  3604 | D        | Noticed a vault guard
  3618 | D        | Noticed a yellow draconian
  3619 | D        | Killed a vault guard
  3620 | D        | Noticed a naga warrior
  3645 | D        | Killed a naga warrior
  3650 | D        | Noticed a yaktaur captain
  3655 | D        | Killed a yellow draconian
  3672 | D        | Killed a yaktaur captain
  3694 | D        | Noticed a green draconian
  3717 | D        | Killed a green draconian
  3717 | D        | Reached skill level 21 in Fighting
  4090 | D        | Noticed a naga warrior
  4113 | D        | Killed a naga warrior
  4119 | D        | Noticed a catoblepas
  4119 | D        | Noticed a naga warrior
  4119 | D        | Noticed a vault guard
  4140 | D        | Killed a catoblepas
  4140 | D        | Reached XP level 13. HP: 127/143 MP: 24/24
  4177 | D        | Noticed a deep elf annihilator
  4205 | D        | Killed a deep elf annihilator
  4445 | D        | Reached skill level 15 in Staves
  4546 | D        | Reached skill level 22 in Fighting
  4550 | D        | Noticed a purple draconian
  4556 | D        | Identified the +2 scale mail of Ogiostra {rF++ rC+ Regen+
                  | Str-5}
  4569 | D        | Killed a purple draconian
  4672 | D        | Noticed a frost giant
  4672 | D        | Noticed a profane servitor
  4697 | D        | Killed a frost giant
  4701 | D        | Killed a profane servitor
  4701 | D        | Reached skill level 10 in Dodging
  4808 | D        | Noticed a vampire knight
  4810 | D        | Paralysed by a vampire knight for 6 turns
  4816 | D        | Killed a vampire knight
  4918 | D        | Noticed a purple draconian
  4924 | D        | Gained mutation: Potions are less effective at restoring
                  | your health. [a neqoxec]
  4936 | D        | Noticed an iron dragon
  4937 | D        | Killed a purple draconian
  4944 | D        | Reached skill level 23 in Fighting
  4953 | D        | Reached XP level 14. HP: 78/157 MP: 26/26
  4965 | D        | Killed an iron dragon
  4998 | D        | Noticed a titan
  5008 | D        | Killed a titan
  5350 | D        | Noticed a ghoul
  5360 | D        | Killed a ghoul
  5363 | D        | Noticed a ghoul
  5364 | D        | Noticed a storm dragon
  5372 | D        | Killed a storm dragon
  5379 | D        | Killed a ghoul
  5386 | D        | Noticed a spriggan defender
  5391 | D        | Killed a spriggan defender
  5399 | D        | Reached skill level 24 in Fighting
  5542 | D        | Noticed a sphinx
  5794 | D        | Noticed a ghoul
  5810 | D        | Killed a sphinx
  5813 | D        | Killed a ghoul
  6159 | D        | Noticed a frost giant
  6161 | D        | Reached skill level 25 in Fighting
  6161 | D        | Paralysed by a floating eye for 4 turns
  6174 | D        | Killed a frost giant
  6242 | D        | Got A Beginning Course on Witchery
  6323 | D        | Noticed Louise
  6324 | D        | Reached skill level 1 in Evocations
  6392 | D        | Reached XP level 15. HP: 170/170 MP: 29/29
  6404 | D        | Reached skill level 5 in Evocations
  6463 | D        | Killed Louise
  6467 | D        | Reached skill level 26 in Fighting
  6528 | D        | Got a silver rune of Zot
  6631 | D        | Noticed a sphinx
  6644 | D        | Killed a sphinx
  6651 | D        | Noticed Xtahua
  6656 | D        | Noticed a fire giant
  6657 | D        | Noticed Jory
  6658 | D        | Killed Xtahua
  6695 | D        | Reached skill level 27 in Fighting
  6703 | D        | Killed a fire giant
  6718 | D        | HP: 6/174 [shot self (14)]
  6719 | D        | Killed from afar by Jory

Levels and vault maps discovered:
D:        pitsprint [storerooms_1, entrance_room_1, metal_vault_7, armoury_2,
          mini_pit_1, grid_room_1, main_hall_1, silver_pit, the_coven_1,
          the_vestibule_1, steel_vault_1, golden_pit, hallway_of_sentries,
          crystal_vault_4, iron_vault_1, final_vault]

Skill      XL: |  1  2  3  4  5  6  7  8  9 10 11 12 13 14 15 |
---------------+----------------------------------------------+-----
Fighting       | 5 6 8 9 10 12 14 16 19 21 23 25 27 | 27.0
Staves         | 3 9 10 11 13 14 15 | 15.9
Armour         | 3 5 7 10 13 14 15 18 20 22 | 22.1
Dodging        | 5 8 12 14 | 14.0
Invocations    | 2 4 6 8 11 13 15 17 19 22 24 | 24.1
Stealth        | 6 7 8 |  8.0
Evocations     | 4 8 |  8.0
Polearms       | |  3.6

Action                   |  1- 3 |  4- 6 |  7- 9 | 10-12 | 13-15 || total
-------------------------+-------+-------+-------+-------+-------++-------
Melee: Trident           |    16 |       |       |       |       ||    16
       Headbutt          |     3 |     5 |    25 |   105 |   146 ||   284
       Spear             |     2 |       |       |       |       ||     2
       Quarterstaff      |       |    44 |   113 |   340 |       ||   497
       Unarmed           |       |       |       |     2 |       ||     2
       Lajatang          |       |       |       |    27 |   582 ||   609
Invok: Lesser Servant of |     1 |     1 |     8 |     3 |     4 ||    17
       Minor Destruction |       |       |     4 |    13 |     1 ||    18
       Greater Servant o |       |       |       |     6 |    16 ||    22
       Major Destruction |       |       |       |     1 |     9 ||    10
  Use: Potion            |     1 |       |       |     1 |     6 ||     8
       Scroll            |       |       |       |       |     2 ||     2
 Stab: Distracted        |       |       |     2 |     2 |     4 ||     8
       Confused          |       |       |       |     1 |     3 ||     4
       Petrifying        |       |       |       |     1 |       ||     1
       Petrified         |       |       |       |       |     3 ||     3
  Eat: Chunk             |       |       |     2 |     7 |     7 ||    16
       Ration            |       |       |       |       |     1 ||     1
Armor: Robe              |     1 |     1 |       |       |       ||     2
       Chain mail        |       |     7 |    28 |    41 |       ||    76
       Plate armour      |       |       |       |    50 |     7 ||    57
       Gold dragon scale |       |       |       |       |   363 ||   363
Dodge: Dodged            |     4 |    13 |    33 |   122 |   348 ||   520

Table legend:
 A = Non-vault XP
 B = Vault XP
 C = Vault XP percentage of total XP
 D = Non-vault monster count
 E = Vault monster count
 F = Vault count percentage of total count
                 A         B        C        D         E       F
            +---------+---------+-------+---------+---------+-------
      Total |     298 |  131903 |  99.8 |       1 |     293 |  99.7
            +---------+---------+-------+---------+---------+-------
          D |     298 |  131903 |  99.8 |       1 |     293 |  99.7
            +---------+---------+-------+---------+---------+-------
